[Event "USA Championship 2024"]
[Site "Saint Louis"]
[Date "2024.10.21"]
[Round "9.1"]
[White "Sevian, Samuel"]
[Black "Dominguez Perez, Leinier"]
[Result "0-1"]
[ECO "A33"]
[WhiteElo "2689"]
[BlackElo "2741"]
[Annotator "TA"]
[PlyCount "84"]
[EventDate "2024.10.09"]
[EventType "tourn"]
[EventCountry "USA"]
[SourceTitle "playchess.com"]
[Source "ChessBase"]
[SourceQuality "1"]
[TimeControl "40/5400+30:1800+30"]

1. c4 c5 2. Nf3 Nf6 3. Nc3 Nc6 4. d4 cxd4 5. Nxd4 e6 6. g3 Qb6 7. Nb3 Ne5 8. e4 Bb4 9. Qe2 d6 $1 10. Bd2 a5 11. f4 Nc6 12. Be3 {[%emt 0:00:47] The position is equal.} Qd8 13. Nd2 O-O 14. a3 Bxc3 15. bxc3 b6 16. Bg2 {[%emt 0:00:36][%cal Oe4e5] Threatens to win with e5!} Qc7 17. O-O Ba6 18. g4 Nd7 19. Rf3 f5 $2 (19... f6 $11) 20. Rh3 (20. exf5 $1 $16 exf5 21. g5) 20... Nf6 (20... fxg4 $1 $11 21. Qxg4 Rf6) 21. g5 (21. exf5 $142 exf5 22. g5) 21... Ng4 (21... Nxe4 $142 22. Nxe4 fxe4) 22. Kh1 (22. exf5 $142 exf5 23. Re1) 22... d5 $2 23. exd5 exd5 24. Bxd5+ {[%emt 0:00:03] A strong pair of Bishops.} Kh8 25. Rg1 Ne7 {[%emt 0:09:06][%cal Bc6e7,Be7g6,Bg6f4][%mdl 32] ...Nxd5 is the strong threat.} 26. Bxa8 (26. g6 $142 $1 Nf6 (26... Nxd5 $2 27. Rxh7+ Kg8 28. Rxg4 $18) 27. Bxa8 Rxa8 28. Bd4 Bb7+ 29. Nf3) 26... Rxa8 $18 27. Bd4 ({White should play} 27. Re1 $1 $16 {Hoping for Bd4.} Ng6 28. Bd4 Bb7+ 29. Kg1) 27... Bb7+ $1 $14 28. Nf3 {[%emt 0:00:21] aiming for Qe6.} (28. Rf3 $5 Ng6 29. Re1 $16) 28... Ng6 $1 {[%emt 0:00:39] Some like it hot} 29. Qe6 $2 (29. Re1 $1 $11 {and White has nothing to worry.} Be4 (29... Nxf4 30. Qe8+ Rxe8 31. Rxe8#) 30. Qf1 Nxf4 31. Rxe4 fxe4 32. Rh4) 29... Nxf4 $19 30. Qxf5 (30. Qxb6 $2 Qxb6 (30... Qxc4 $2 31. Qxb7 Qg8 32. Bxg7+ Qxg7 33. Qxa8+ $18) 31. Bxb6 Nxh3) 30... Nxh3 31. Rxg4 {[%emt 0:00:04] Black must now prevent Rh4.} Qe7 $1 {[%emt 0:01:26] ( -> ...Qe2)} (31... Qxc4 32. Bxg7+ (32. Bxb6 Qf1+ 33. Rg1 Bxf3+) 32... Kg8 33. Rxc4 Bxf3+ 34. Qxf3 Re8 35. Bh6 (35. Re4 Rd8 36. Bd4 Rf8 37. Qxh3 b5 38. Qe6+ Rf7 39. Rf4 h5 40. Qxf7#) 35... Re1+ 36. Kg2) 32. Rg3 {[%emt 0:10:36] [#]} Qe1+ $1 33. Kg2 {[%emt 0:00:18] [#]} Qe2+ $1 34. Kxh3 Bc8 (34... Qxc4 $2 {too greedy.} 35. Ne5 (35. Bxb6 $2 {is the wrong capture.} Bc8 $19) 35... Bc8 36. Nxc4 $18) 35. Qxc8+ Rxc8 36. g6 Rf8 37. Ne5 Qh5+ 38. Kg2 Qe2+ 39. Kh3 Qf1+ 40. Rg2 Rf5 {[%emt 0:02:05] Black mates.} 41. Nf7+ Kg8 42. gxh7+ Kxh7 {[%emt 0:00:34] Weighted Error Value: White=0.74/Black=0.60.  Loses game:     	White=1     	Black=1      Mistake:       	White=5     	Black=3      Inaccurate:     	White=3     	---        OK:         	White=9     	Black=9      Best:        	White=2     	Black=2      Strong:       	---       	Black=4} 0-1

[Event "USA Championship 2024"]
[Site "Saint Louis"]
[Date "2024.10.21"]
[Round "9.2"]
[White "Robson, Ray"]
[Black "So, Wesley"]
[Result "1/2-1/2"]
[ECO "D33"]
[WhiteElo "2693"]
[BlackElo "2751"]
[Annotator "RC"]
[PlyCount "188"]
[EventDate "2024.10.09"]
[EventType "tourn"]
[EventCountry "USA"]
[SourceTitle "playchess.com"]
[Source "ChessBase"]
[SourceQuality "1"]
[TimeControl "40/5400+30:1800+30"]

1. d4 d5 2. c4 e6 3. Nc3 c5 4. cxd5 exd5 5. Nf3 Nc6 6. g3 Nf6 7. Bg2 cxd4 8. Nxd4 Bc5 9. Nb3 Bb6 10. O-O d4 11. Na4 O-O 12. Bg5 h6 13. Bxf6 Qxf6 14. Nxb6 axb6 15. Bxc6 bxc6 16. Qxd4 Rd8 17. Qxf6 gxf6 18. Rfc1 Be6 19. Kf1 Ra4 20. Ke1 Rda8 21. Rc3 Rxa2 22. Rxa2 Rxa2 23. Nc1 Rxb2 24. Rxc6 b5 25. Nd3 Ra2 26. Rb6 Bc4 27. Rxf6 b4 28. Nxb4 Rxe2+ 29. Kd1 Re4 30. Kd2 Kg7 31. Rf3 Be2 32. Rb3 Bf1 33. Rb2 h5 34. h4 f5 35. Nc2 f4 36. Rb4 Re2+ 37. Kd1 Rxf2 38. Rxf4 Rxf4 39. gxf4 Kf6 40. Ne3 Ba6 41. Kd2 Bb7 42. Ke2 Ba6+ 43. Kf2 Ke6 44. Kg3 Bd3 45. Kf3 Kd6 46. Nd1 Ke6 47. Nf2 Bb5 48. Nd1 Bd3 49. Nc3 Kf5 50. Kg3 Bc4 51. Nb1 Bd3 52. Nd2 Be2 53. Nb3 Ke4 54. Nd2+ Kf5 55. Nf3 Ba6 56. Nd4+ Ke4 57. Ne6 Bc4 58. Nf8 Bd5 59. Ng6 Bf7 60. Ne5 Bd5 61. Nf3 Bb7 62. Nd2+ Kf5 63. Nc4 Bc6 64. Ne3+ Ke4 65. Nc2 Bb7 66. Ne1 Kf5 67. Nd3 Be4 68. Nf2 Bc6 69. Nh3 Bb7 70. Ng5 Bd5 71. Nf3 Ke4 72. Nd2+ Kf5 73. Nb1 Be4 74. Nc3 Bc6 75. Ne2 Ke4 76. f5 Be8 77. f6 Ke5 78. Ng1 Kxf6 79. Kf4 Bc6 80. Ne2 Be8 81. Ng3 Bg6 82. Ne4+ Bxe4 83. Kxe4 Ke6 84. Kf4 Kf6 85. Ke4 Ke6 86. Kf4 Kf7 87. Kg5 Ke6 88. Kxh5 Kf5 89. Kh6 Kf6 90. h5 Kf7 91. Kh7 Kf8 92. h6 Kf7 93. Kh8 Kf8 94. h7 Kf7 1/2-1/2

[Event "USA Championship 2024"]
[Site "Saint Louis"]
[Date "2024.10.21"]
[Round "9.3"]
[White "Oparin, Grigoriy"]
[Black "Shankland, Sam"]
[Result "1/2-1/2"]
[ECO "B48"]
[WhiteElo "2662"]
[BlackElo "2677"]
[Annotator "TA"]
[PlyCount "33"]
[EventDate "2024.10.09"]
[EventType "tourn"]
[EventCountry "USA"]
[SourceTitle "playchess.com"]
[Source "ChessBase"]
[SourceQuality "1"]
[TimeControl "40/5400+30:1800+30"]

1. e4 c5 2. Nf3 e6 3. Nc3 Nc6 4. a3 a6 5. d4 cxd4 6. Nxd4 Qc7 7. Be3 Be7 8. h4 h5 {[%emt 0:04:36] The position is equal.} 9. Qd2 Nf6 10. O-O-O b5 11. Nxc6 dxc6 12. e5 Qxe5 (12... Nd5 {simplifies} 13. Qd4 Nxe3 14. Qxe3 c5) 13. Bf4 Qc5 14. Be3 Qe5 15. Bf4 Qc5 16. Be3 Qe5 17. Bf4 {[%emt 0:00:12] An uneventful encounter.   Weighted Error Value: White=0.05 (flawless) /Black=0.05 (flawless) .  Inaccurate:     	White=1     	---        OK:         	White=5     	Black=5} 1/2-1/2

[Event "USA Championship 2024"]
[Site "Saint Louis"]
[Date "2024.10.21"]
[Round "9.4"]
[White "Caruana, Fabiano"]
[Black "Liang, Awonder"]
[Result "1/2-1/2"]
[ECO "C54"]
[WhiteElo "2796"]
[BlackElo "2677"]
[Annotator "TA"]
[PlyCount "92"]
[EventDate "2024.10.09"]
[EventType "tourn"]
[EventCountry "USA"]
[SourceTitle "playchess.com"]
[Source "ChessBase"]
[SourceQuality "1"]
[TimeControl "40/5400+30:1800+30"]

1. e4 e5 2. Nf3 Nc6 3. Bc4 Bc5 4. O-O Nf6 5. d3 d6 6. c3 Bb6 7. Nbd2 O-O 8. Bb3 Ne7 9. Nc4 Ng6 10. Re1 Re8 11. d4 exd4 12. Nxb6 axb6 13. cxd4 Nxe4 ({Much weaker is} 13... Rxe4 $6 14. Bxf7+ Kh8 15. Rxe4 Nxe4 16. Qe2 $16) 14. Bxf7+ Kxf7 15. Rxe4 $1 Rxe4 16. Ng5+ Kg8 17. Nxe4 Qe7 18. Nc3 Qf7 19. d5 Bd7 20. Qd4 Qf5 21. Be3 Ne5 22. Qe4 (22. b3 $11) 22... Qxe4 $17 23. Nxe4 Ra5 24. Nc3 b5 25. b4 Ra3 26. Bd2 c5 (26... Kf7 $15 {might be stronger.}) 27. dxc6 $1 $11 {[%emt 0:03:35] The position is equal.} bxc6 28. Ne4 $1 Nc4 29. Bf4 Rd3 30. f3 Bf5 31. Ng3 Bg6 32. a4 bxa4 33. Rxa4 Rd1+ 34. Kf2 Nb2 35. Ra8+ Kf7 36. Ne4 Bxe4 37. fxe4 {[%emt 0:00:08][%mdl 4096] Endgame. KRB-KRN} Rd4 38. Rc8 Rxb4 39. Bxd6 Rxe4 40. Rxc6 Nd3+ 41. Kf3 Ne5+ 42. Bxe5 Rxe5 43. Kf4 Re2 44. Kf3 Re5 45. Kf4 Re2 46. Kf3 Re5 {[%emt 0:00:04] Weighted Error Value: White=0.06 (flawless) /Black=0.03 (flawless) .  Mistake:       	White=1     	Black=1      Inaccurate:     	White=1     	---        OK:         	White=16    	Black=13     Best:        	White=3     	Black=3      Strong:       	White=3     	---} 1/2-1/2

[Event "USA Championship 2024"]
[Site "Saint Louis"]
[Date "2024.10.21"]
[Round "9.5"]
[White "Mishra, Abhimanyu"]
[Black "Aronian, Levon"]
[Result "1/2-1/2"]
[ECO "E48"]
[WhiteElo "2630"]
[BlackElo "2738"]
[Annotator "TA"]
[PlyCount "80"]
[EventDate "2024.10.09"]
[EventType "tourn"]
[EventCountry "USA"]
[SourceTitle "playchess.com"]
[Source "ChessBase"]
[SourceQuality "1"]
[TimeControl "40/5400+30:1800+30"]

1. d4 Nf6 2. c4 e6 3. Nc3 Bb4 4. e3 O-O 5. Bd3 d5 6. cxd5 exd5 7. a3 Bd6 8. Qc2 b6 9. b4 c6 10. Nge2 a5 11. bxa5 Rxa5 12. O-O c5 13. Bb5 {[%emt 0:09:08] Verhindert Nc6.} Na6 14. Bd2 {[%emt 0:03:53] Die Stellung ist ausgeglichen.} Nc7 15. a4 Ra8 16. f3 Nxb5 17. Nxb5 Ba6 18. Rfb1 Be7 19. a5 Qd7 20. Nec3 bxa5 21. Rxa5 cxd4 22. exd4 (22. Nxd4 $2 {ist das falsche Schlagen.} Bd3 $19) 22... Qc6 23. Rba1 h6 24. Qb3 Bxb5 25. Qxb5 Qxb5 26. Nxb5 Rxa5 27. Rxa5 Rb8 28. Bf4 Rb7 29. Ra7 Rxa7 30. Nxa7 $11 {[%emt 0:00:02][%mdl 4096] Endspiel. KBN-KBN} Nd7 31. Nb5 Nf8 32. Nc7 Bf6 33. Be3 Ne6 34. Nxd5 Bxd4 35. Bxd4 Nxd4 {[%emt 0:00:03] KN-KN} 36. Kf2 Nf5 37. Ne3 Nd4 38. Nd5 Nf5 39. Ne3 Nd4 40. Nd5 Nf5 {[%emt 0:00:23] Hier war wenig los.   Gewichteter Fehlerwert: Weiß=0.03 (makellos) /Schwarz=0.05 (makellos) .  Ungenau:       	Weiß=1     	Schwarz=1     OK:         	Weiß=11    	Schwarz=15    Bester:       	---       	Schwarz=2} 1/2-1/2